Map: Blackpink LE

Players

AisEnMa - Winner!

  • Race: Terran Terran
  • League: Silver
  • Spawn Location: 7:00

SamuraiFunn

  • Race: Protoss Protoss
  • League: Platinum
  • Spawn Location: 1:00

VOD

Have the link to the VOD?

Description

Time

  • Played on: Nov. 25, 2017, 8:14 p.m.
  • Length: 19:28
Show
View Real Time Build Order
Export as new Build Order

AisEnMa Terran - Winner!

Build Orders: Cyclone Opening 

Get SALT Encoding   

  12  0:00  SCV  
  13  0:13  SCV  
  14  0:29  Supply Depot  
  14  0:32  SCV  
  15  0:37  Refinery  
  15  0:50  SCV  
  15  0:52  Barracks  
  16  1:03  SCV  
  17  1:05  Refinery  
  17  1:15  SCV  
  18  1:27  SCV  
  19  1:40  Reaper  
  19  1:42  Orbital Command  
  20  1:47  Supply Depot  
  20  1:53  Factory  
  20  2:09  Supply Depot  
  20  2:10  SCV  
  20  2:13  Reaper  
  22  2:26  SCV  
  23  2:35  Supply Depot  
  23  2:38  SCV  
  23  2:40  Factory Reactor  
  24  2:45  Cyclone  
  24  2:50  SCV  
  28  3:03  Starport  
  28  3:05  SCV  
  29  3:17  SCV, Cyclone  
  33  3:29  SCV, Barracks  
  34  3:39  Barracks Reactor  
  34  3:44  Barracks  
  34  3:45  Starport Tech Lab  
  34  3:54  Factory Reactor, Supply Depot  
  34  4:08  Cloaking Field  
  34  4:11  Banshee  
  37  4:18  Barracks Tech Lab  
  37  4:24  Supply Depot  
  37  4:25  SCV  
  38  4:35  Barracks Tech Lab  
  38  4:38  SCV, Stimpack  
  39  4:43  Engineering Bay  
  39  4:48  Supply Depot  
  39  4:50  SCV  
  40  4:57  Banshee  
  43  5:01  Widow Mine x2  
  43  5:02  SCV  
  48  5:11  Marine  
  48  5:12  Marine x2  
  48  5:13  Marine  
  53  5:14  SCV  
  53  5:26  SCV  
  52  5:40  SCV  
  52  5:42  Marine x4  
  55  5:48  Cyclone  
  60  5:50  Cyclone  
  60  5:52  SCV  
  64  6:00  Marine x2  
  64  6:01  Marauder x2  
  70  6:18  Marine  
  71  6:34  Command Center  
  71  6:43  Marine x3  
  71  7:01  Banshee  
  71  7:28  Supply Depot  
  71  7:30  Supply Depot  
  71  7:32  Terran Infantry Weapons Level 1  
  71  7:45  SCV, Marine x2, Armory  
  71  7:46  Marauder x2  
  78  7:58  SCV  
  79  8:03  Marine x2  
  81  8:06  Marine  
  64  8:49  SCV  
  64  8:50  SCV, Marine, Marauder  
  64  8:51  Marine, Marauder  
  64  8:54  Cyclone x2  
  73  9:08  Marine x2  
  75  9:11  Marine x2  
  77  9:19  SCV x2  
  79  9:26  Marine x2, Cyclone x2  
  79  9:30  Marauder x2  
  91  9:44  Marine x2  
  93  9:50  Marine  
  93  9:51  SCV x2, Marine  
  97  10:02  Marine x2  
  97  10:05  Raven  
  101  10:08  Orbital Command  
  101  10:18  Refinery  
  101  10:20  Marine  
  101  10:21  Refinery  
  102  10:24  Marine  
  102  10:25  Marauder  
  102  10:28  Marauder  
  102  10:29  Starport  
  102  10:48  Factory  
  102  10:55  Supply Depot x2  
  102  10:57  Missile Turret  
  102  11:05  Command Center  
  102  11:16  SCV x2, Marine x2, Raven  
  108  11:24  Command Center  
  108  11:26  Combat Shields  
  108  11:27  Supply Depot  
  108  11:28  Concussive Shells  
  108  11:33  Hyperflight Rotors  
  108  11:34  Terran Vehicle Weapons Level 1  
  108  11:36  Terran Infantry Armor Level 1  
  108  11:46  Factory Tech Lab  
  108  11:47  Starport Tech Lab  
  108  11:49  Starport Reactor  
  86  12:16  Marine x4  
  72  12:34  Marine x2  
  67  12:48  Orbital Command  
  67  12:49  Orbital Command  
  66  13:17  Marine x2, Marauder x2  
  72  13:27  Factory Tech Lab  
  72  13:30  Starport Reactor  
  72  13:32  Orbital Command  
  72  13:33  Orbital Command  
  72  13:35  Marine x2  
  72  13:38  Marine x2  
  76  13:54  Marine x2  
  78  13:56  Marauder x2  
  78  13:59  Cyclone x2  
  78  14:00  Siege Tank  
  91  14:05  Medivac  
  93  14:11  Marine x2  
  95  14:17  Marine x2  
  91  14:30  Widow Mine  
  91  14:31  Widow Mine  
  91  14:32  Siege Tank  
  69  14:50  SCV  
  69  14:52  Marine x2, Marauder x2  
  65  15:03  SCV  
  65  15:04  Siege Tank  
  65  15:07  SCV  
  65  15:08  SCV  
  65  15:09  Marine x2  
  65  15:12  Marine  
  65  15:13  Marine  
  71  15:15  SCV  
  72  15:27  SCV x2  
  74  15:28  Marine  
  74  15:29  Marine  
  74  15:31  Marauder x2  
  80  15:46  Marine x2  
  80  15:47  SCV x3  
  85  15:57  Marauder  
  85  15:59  SCV x3  
  85  16:00  Marauder  
  92  16:11  SCV x3  
  93  16:15  Terran Infantry Weapons Level 2  
  95  16:23  SCV x3  
  98  16:26  Refinery  
  98  16:38  Refinery  
  98  17:25  SCV  
  98  17:26  SCV x2  
  98  17:28  Marine x2, Marauder x2  
  100  17:38  SCV x3  
  100  17:46  Marine x2  
  100  17:49  Marine x2  
  78  18:26  Marine, Marauder  
  78  18:27  Marine, Marauder  
  83  18:30  Thor  
  90  18:44  Marine x2  
  90  18:47  Marine x2  
  91  18:57  Refinery  
Show
View Real Time Build Order
Export as new Build Order

SamuraiFunn Protoss 

Build Orders: 1 Gate Expand 

Get SALT Encoding   

  12  0:01  Probe  
  13  0:13  Probe  
  14  0:25  Probe  
  14  0:27  Pylon  
  15  0:45  Probe (Chrono Boost)  
  16  0:52  Gateway  
  16  0:55  Probe (Chrono Boost)  
  17  0:59  Probe  
  18  1:16  Nexus  
  18  1:22  Probe  
  19  1:34  Probe  
  20  1:46  Probe  
  21  1:51  Cybernetics Core  
  21  1:54  Pylon  
  21  1:57  Zealot  
  23  2:08  Assimilator  
  23  2:18  Probe  
  24  2:30  Probe  
  24  2:33  Probe  
  26  2:43  Assimilator  
  26  2:44  Probe  
  27  2:45  Probe  
  28  3:03  Gateway  
  28  3:11  Warp Gate (Chrono Boost)  
  28  3:14  Probe  
  28  3:15  Probe  
  30  3:26  Probe, Stalker  
  30  3:27  Probe  
  34  3:36  Pylon  
  34  3:39  Probe x2  
  36  3:51  Probe x2  
  38  3:56  Assimilator  
  38  3:58  Gateway, Assimilator  
  38  3:59  Gateway  
  38  4:11  Probe  
  38  4:12  Probe  
  38  4:16  Twilight Council  
  40  4:23  Pylon  
  40  4:24  Probe x2  
  42  4:36  Probe x2  
  44  4:48  Probe x2  
  46  4:56  Blink  
  46  5:00  Probe x2  
  46  5:03  Robotics Facility  
  48  5:12  Probe x2  
  48  5:13  Stalker x3  
  48  5:14  Stalker  
  58  5:24  Probe, Forge  
  51  5:37  Stalker x3  
  51  5:38  Stalker  
  57  5:58  Probe x2  
  57  6:03  Protoss Ground Weapons Level 1  
  59  6:06  Forge  
  59  6:08  Observer  
  60  6:15  Robotics Facility  
  60  6:16  Probe x2  
  62  6:19  Pylon  
  62  6:21  Pylon  
  62  6:29  Pylon  
  62  6:32  Pylon  
  62  6:35  Pylon  
  62  6:38  Zealot x3  
  62  6:39  Zealot  
  68  6:57  Probe x2  
  70  7:07  Observer  
  71  7:09  Probe  
  71  7:13  Stalker  
  71  7:14  Stalker x3  
  80  7:27  Probe x2  
  80  7:28  Nexus  
  80  7:29  Observer, Pylon x2  
  83  7:34  Pylon x2  
  83  7:36  Protoss Shields Level 1  
  83  7:37  Pylon  
  83  7:39  Observer  
  84  7:53  Stalker x3  
  84  7:54  Stalker  
  92  8:01  Observer  
  92  8:03  Protoss Ground Weapons Level 2  
  93  8:06  Probe x2  
  95  8:18  Gateway x2  
  95  8:21  Gateway  
  95  8:27  Assimilator  
  95  8:31  Assimilator  
  85  8:37  Stalker  
  85  8:38  Stalker x3  
  50  9:02  Zealot x4  
  45  9:28  Photon Cannon  
  42  9:37  Stalker x4  
  42  9:38  Stalker x3  
  41  10:05  Probe x3  
  44  10:17  Probe x2  
  44  10:19  Probe  
  47  10:27  Stalker x5  
  57  10:29  Probe x2  
  59  10:50  Probe x3  
  62  11:02  Probe x2  
  64  11:14  Probe  
  64  11:27  Probe  
  65  11:39  Probe  
  66  11:51  Probe  
  67  12:10  Stalker x5  
  67  12:11  Stalker x2  
  56  12:37  Protoss Ground Armor Level 1, Protoss Ground Weapons Level 3  
  50  12:47  Stalker  
  50  12:48  Stalker  
  50  12:53  Probe x3  
  53  13:05  Probe x3  
  54  13:17  Probe x3  
  57  13:29  Probe x2  
  57  13:30  Probe, Stalker x5  
  57  13:33  Stalker  
  72  13:41  Probe x2  
  78  13:48  Immortal  
  78  14:16  Stalker x2  
  78  14:17  Stalker x4  
  76  14:27  Immortal  
  58  14:43  Stalker  
  58  14:44  Stalker  
  44  14:45  Stalker  
  44  14:46  Stalker x2  
  42  15:22  Probe x2, Nexus  
  44  15:34  Probe x2  
  46  15:46  Probe  
  46  15:47  Adept x2  
  46  15:48  Adept  
  53  15:59  Observer  
  53  16:00  Dark Shrine  
  53  16:33  Probe x2  
  55  16:43  Probe  
  56  17:08  Observer  
  56  17:13  Dark Templar x4  
  56  17:14  Dark Templar x2  
  47  17:46  Dark Templar  
  47  17:47  Dark Templar x5  
  31  18:22  Zealot  
  31  18:23  Zealot x4  
  33  18:48  Gateway  
  31  18:49  Gateway  
  31  18:50  Dark Templar  
  31  18:51  Dark Templar x2  
  31  18:52  Gateway  
  31  18:53  Zealot x2  
Tags
 
Add a new tag
Caveats
  • Supply blocks, unpowered buildings, or Contaminate may cause inaccurate times.
  • Supply counts are checked every 10 seconds.